[Event "Titled Tuesday Blitz September 13 Late 2022"]
[White "Gokerkan, Cem Kaan"]
[Black "Karas, Marek"]
[WhiteFideId "6336760"]
[BlackFideId "14928558"]
[WhiteElo "2364"]
[BlackElo "2272"]
[Result "1/2-1/2"]
[Round "06"]
[TimeControl "180+1"]
[Date "2022.09.13"]
[WhiteClock "0:00:04"]
[BlackClock "0:00:02"]

1. e4 g6 2. d4 Bg7 3. Nc3 a6 4. h4 h5 5. Be3 b5 6. Qd2 Bb7 7. f3 d6 8. Nh3 Nd7 9. Ng5 e6 10. O-O-O Ngf6 11. Rg1 Qe7 12. Kb1 Nb6 13. e5 Nfd5 14. Nce4 Nxe3 15. Qxe3 Nd5 16. Qf2 dxe5 17. dxe5 Bxe5 18. Nc5 Bc6 19. Re1 Qf6 20. Nge4 Qg7 21. c3 O-O 22. g4 hxg4 23. fxg4 b4 24. Nd3 bxc3 25. Nxe5 Qxe5 26. g5 Qf4 27. Nf6+ Kg7 28. Qxf4 Nxf4 29. bxc3 Rab8+ 30. Kc1 Rh8 31. Rg4 Nd5 32. Rc4 Bb5 33. Rc5 Nxf6 34. gxf6+ Kxf6 35. Bxb5 axb5 36. Rxc7 Rxh4 37. Rf1+ Kg5 38. Rcxf7 Rc8 39. Rg1+ Rg4 40. Rxg4+ Kxg4 41. Rf6 g5 42. Kd2 Rc6 43. Kd3 Kg3 44. Rf1 g4 45. Rb1 Rc5 46. Kd4 Rd5+ 47. Ke3 Kg2 48. Rb2+ Kh3 49. Rb1 g3 50. Rh1+ Kg4 51. Rh6 Re5+ 52. Kd4 Rd5+ 53. Ke3 Kg5 54. Rh3 Kg4 55. Rh6 1/2-1/2


[Site "https://www.chess.com"]

[Event "Titled Tuesday Blitz September 13 Late 2022"]
[White "Graif, William"]
[Black "Papasimakopoulos, Alexandros"]
[WhiteFideId "2609835"]
[BlackFideId "4244125"]
[WhiteElo "1942"]
[BlackElo "2357"]
[Result "0-1"]
[Round "06"]
[TimeControl "180+1"]
[Date "2022.09.13"]
[WhiteClock "0:00:10"]
[BlackClock "0:00:09"]

1. d4 e6 2. e4 d5 3. Bd3 Nf6 4. e5 Nfd7 5. c3 c5 6. Ne2 Nc6 7. a3 c4 8. Bc2 Be7 9. Ng3 b5 10. Qg4 g6 11. Bh6 Bf8 12. Bxf8 Kxf8 13. h4 h5 14. Qf4 a5 15. Bxg6 Qe7 16. Bxh5 Ke8 17. Be2 Bb7 18. h5 Kd8 19. Nd2 Kc7 20. h6 Kb6 21. Nf3 Raf8 22. Qe3 f6 23. Kd2 Ka6 24. exf6 Nxf6 25. Ne5 Nxe5 26. dxe5 Nd7 27. Raf1 Nc5 28. Kc1 Rc8 29. Rh4 Qh7 30. Bd1 Nd3+ 31. Kb1 b4 32. Bc2 bxa3 33. bxa3 Bc6 34. Ka2 Rb8 35. Rb1 Rxb1 36. Kxb1 Rb8+ 37. Ka1 Qe7 38. Ka2 Qxh4 39. Bxd3 cxd3 40. Qxd3+ Bb5 41. Qe3 Bc4+ 42. Ka1 Qe7 43. Qc1 Qb7 44. h7 Qb3 45. h8=Q Qa2# 0-1


[Site "https://www.chess.com"]

[Event "Titled Tuesday Blitz September 13 Late 2022"]
[White "Hjartarson, Johann"]
[Black "Pap, Gyula"]
[WhiteFideId "2300044"]
[BlackFideId "725323"]
[WhiteElo "2458"]
[BlackElo "2519"]
[Result "0-1"]
[Round "06"]
[TimeControl "180+1"]
[Date "2022.09.13"]
[WhiteClock "0:00:01"]
[BlackClock "0:00:06"]

1. e4 e5 2. Nf3 Nc6 3. Bb5 Nf6 4. O-O Nxe4 5. d4 Nd6 6. Bxc6 dxc6 7. dxe5 Nf5 8. Qxd8+ Kxd8 9. Nc3 h6 10. h3 Bd7 11. b3 Kc8 12. Bb2 a5 13. Rad1 Ne7 14. Nd4 Nd5 15. f4 Ne3 16. f5 Bc5 17. e6 fxe6 18. fxe6 Be8 19. Ne4 Bb6 20. e7 Nxd1 21. Rxd1 Bd7 22. Kh2 Re8 23. Ba3 a4 24. Bb4 axb3 25. axb3 Bxd4 26. Rxd4 b6 27. Rd2 c5 28. Bc3 Rxe7 29. Ng3 Kb7 30. Nh5 g6 31. Nf4 Be8 32. Bf6 Rd7 33. Re2 Bf7 34. Nd3 Re8 35. Rf2 Bg8 36. Ne5 Rd6 37. Nxg6 Ree6 38. Ne7 Rxf6 39. Rxf6 Rxf6 40. Nxg8 Re6 41. Kg3 b5 42. Kf4 b4 43. g4 Re2 44. Nxh6 c4 45. g5 Rxc2 46. g6 Rf2+ 0-1


[Site "https://www.chess.com"]

[Event "Titled Tuesday Blitz September 13 Late 2022"]
[White "Ibrahimli, Murad"]
[Black "Gascon Del Nogal, Jose Rafael"]
[WhiteFideId "13410229"]
[BlackFideId "3902463"]
[WhiteElo "2109"]
[BlackElo "2473"]
[Result "1/2-1/2"]
[Round "06"]
[TimeControl "180+1"]
[Date "2022.09.13"]
[WhiteClock "0:00:04"]
[BlackClock "0:00:04"]

1. e4 g6 2. d4 Bg7 3. Nf3 d6 4. Nc3 a6 5. a4 Bg4 6. Be3 Nc6 7. Be2 Bxf3 8. Bxf3 e5 9. d5 Nd4 10. Bxd4 exd4 11. Ne2 Nf6 12. Nxd4 O-O 13. O-O Re8 14. Re1 Nxd5 15. exd5 Rxe1+ 16. Qxe1 Bxd4 17. c3 Ba7 18. a5 Qf6 19. Qe4 Bc5 20. Re1 Kf8 21. g3 h5 22. h4 Rb8 23. Kg2 Ra8 24. Re2 Rd8 25. Kf1 Ra8 26. Bg2 Rb8 27. Bh3 Rd8 28. Kg2 Kg7 29. f4 Kf8 30. Bd7 Rb8 31. Qd3 Kg7 32. Qc4 Rd8 33. Bh3 b5 34. axb6 Bxb6 35. Qxa6 Rb8 36. Qd3 Ra8 37. Qe4 Ra1 38. Kh2 Bg1+ 39. Kg2 Bb6 40. Bd7 Qd8 41. Qe8 Qxe8 42. Bxe8 Rg1+ 43. Kh2 Rb1 44. Ba4 Kf6 45. Bb5 Bc5 46. Bc4 Bb6 47. Rc2 Be3 48. Kg2 Rg1+ 49. Kf3 Bb6 50. b4 Ra1 51. Bd3 Ra3 52. Ke4 Ra1 53. c4 Re1+ 54. Be2 Rb1 55. b5 Rg1 56. Kf3 Ra1 57. Bd3 Ra3 58. Ke2 Ra1 59. Kf3 Re1 60. Be2 Ra1 61. Bd3 1/2-1/2


[Site "https://www.chess.com"]

[Event "Titled Tuesday Blitz September 13 Late 2022"]
[White "Indjic, Aleksandar"]
[Black "Ter-Sahakyan, Samvel"]
[WhiteFideId "911925"]
[BlackFideId "13302531"]
[WhiteElo "2592"]
[BlackElo "2604"]
[Result "0-1"]
[Round "06"]
[TimeControl "180+1"]
[Date "2022.09.13"]
[WhiteClock "0:00:04"]
[BlackClock "0:00:23"]

1. c4 e5 2. Nc3 Nf6 3. e3 Bb4 4. Nge2 c6 5. a3 Ba5 6. b4 Bc7 7. c5 O-O 8. Ng3 a5 9. Rb1 axb4 10. axb4 d5 11. cxd6 Bxd6 12. b5 Nd5 13. Bb2 Be6 14. Be2 f5 15. O-O Kh8 16. bxc6 Nxc6 17. Nh5 Nf6 18. Nxf6 Rxf6 19. Nb5 Bb8 20. Bc3 Rh6 21. g3 f4 22. Ra1 Ra6 23. Qc2 Qd7 24. Bf3 Bc4 25. Rfb1 Bd3 26. Rxa6 Bxc2 27. Ra8 Bxb1 28. Bxc6 Rxc6 29. Rxb8+ Rc8 30. Rxc8+ Qxc8 31. Bxe5 f3 0-1


[Site "https://www.chess.com"]

[Event "Titled Tuesday Blitz September 13 Late 2022"]
[White "Kamsky, Gata"]
[Black "Ibarra Jerez, Jose Carlos"]
[WhiteFideId "2000024"]
[BlackFideId "2226332"]
[WhiteElo "2666"]
[BlackElo "2627"]
[Result "0-1"]
[Round "06"]
[TimeControl "180+1"]
[Date "2022.09.13"]
[WhiteClock "0:00:01"]
[BlackClock "0:00:11"]

1. e4 Nc6 2. Nf3 d6 3. d4 Nf6 4. Nc3 g6 5. d5 Nb8 6. h3 Bg7 7. Be2 O-O 8. O-O e5 9. dxe6 Bxe6 10. Nd4 Bd7 11. Re1 Nc6 12. Be3 Re8 13. Bd3 Ne5 14. Nf3 Nxd3 15. Qxd3 Bc6 16. Bd4 Nd7 17. Bxg7 Kxg7 18. Nd5 Bxd5 19. Qxd5 Rb8 20. Rad1 Qf6 21. Qd4 a6 22. Qxf6+ Nxf6 23. e5 dxe5 24. Nxe5 Re6 25. Nd3 Rbe8 26. Rxe6 Rxe6 27. f3 Re2 28. c4 Nh5 29. Kh2 Rc2 30. Rc1 Rd2 31. Rc3 f5 32. f4 b6 33. a4 Nf6 34. Rb3 Ne4 35. a5 bxa5 36. Ne5 h5 37. h4 Nf6 38. Rb7 Ng4+ 0-1


[Site "https://www.chess.com"]

[Event "Titled Tuesday Blitz September 13 Late 2022"]
[White "Keymer, Vincent"]
[Black "Jobava, Baadur"]
[WhiteFideId "12940690"]
[BlackFideId "13601520"]
[WhiteElo "2585"]
[BlackElo "2582"]
[Result "0-1"]
[Round "06"]
[TimeControl "180+1"]
[Date "2022.09.13"]
[WhiteClock "0:00:05"]
[BlackClock "0:00:44"]

1. Nf3 d5 2. e3 c5 3. b3 Nc6 4. Bb2 Bg4 5. Bb5 e6 6. h3 Bh5 7. c4 Ne7 8. cxd5 exd5 9. O-O a6 10. Be2 Rc8 11. d4 cxd4 12. Nxd4 Bxe2 13. Nxe2 Qd7 14. Nbc3 Rd8 15. Re1 Ng6 16. Na4 Bb4 17. Bc3 O-O 18. Bxb4 Nxb4 19. Qd2 Nc6 20. Red1 Nge7 21. Rac1 h6 22. Nf4 d4 23. Ne2 Nf5 24. Qb2 Rfe8 25. Nc5 Qe7 26. Nxd4 Ncxd4 27. exd4 Qg5 28. Qc3 Nxd4 29. Kf1 Ne2 30. Qc2 Nxc1 31. Rxc1 Rc8 0-1


[Site "https://www.chess.com"]

[Event "Titled Tuesday Blitz September 13 Late 2022"]
[White "Kobo, Ori"]
[Black "Fishbein, Alexander"]
[WhiteFideId "2812320"]
[BlackFideId "2000377"]
[WhiteElo "2420"]
[BlackElo "2410"]
[Result "1-0"]
[Round "06"]
[TimeControl "180+1"]
[Date "2022.09.13"]
[WhiteClock "0:00:18"]
[BlackClock "0:00:02"]

1. Nf3 Nf6 2. c4 g6 3. g3 Bg7 4. Bg2 O-O 5. Nc3 d6 6. d4 Nc6 7. O-O e5 8. Be3 Ng4 9. Bg5 f6 10. Bc1 f5 11. Bg5 Bf6 12. Bxf6 Nxf6 13. dxe5 dxe5 14. Qb3 e4 15. Rad1 Qe7 16. Nd5 Qg7 17. Ng5 h6 18. Nh3 g5 19. f3 Nxd5 20. cxd5 Nd4 21. Qc4 Nxe2+ 22. Qxe2 exf3 23. Bxf3 g4 24. Bxg4 Qxg4 25. Qg2 Bd7 26. Nf4 Kh7 27. Rde1 Rae8 28. Qc2 c6 29. d6 Qg7 30. Qc5 b6 31. Qf2 c5 32. Nd5 Qd4 33. Qxd4 cxd4 34. Re7+ Rxe7 35. dxe7 Rf7 36. Re1 d3 37. Kf2 d2 38. Rd1 Be8 39. Rxd2 Kg7 40. Re2 Kg6 41. Nc7 Bc6 42. Re6+ Rf6 43. Rxc6 Rxc6 44. e8=Q+ 1-0


[Site "https://www.chess.com"]

[Event "Titled Tuesday Blitz September 13 Late 2022"]
[White "Korchmar, Vasiliy"]
[Black "Ekdyshman, Mikhail"]
[WhiteFideId "24131750"]
[BlackFideId "4149416"]
[WhiteElo "2370"]
[BlackElo "2146"]
[Result "1-0"]
[Round "06"]
[TimeControl "180+1"]
[Date "2022.09.13"]
[WhiteClock "0:00:15"]
[BlackClock "0:00:06"]

1. e4 c5 2. Nf3 Nf6 3. e5 Nd5 4. Nc3 Nxc3 5. dxc3 Nc6 6. Bd3 e6 7. Bf4 Qb6 8. Rb1 Be7 9. h4 Qc7 10. Qe2 b6 11. Ng5 Bb7 12. Bg3 h6 13. Qh5 Bxg5 14. hxg5 Ne7 15. g6 Rf8 16. O-O Qc6 17. f3 O-O-O 18. gxf7 c4 19. Be4 Qc5+ 20. Bf2 Qb5 21. a4 Qa5 22. Bg6 Nxg6 23. Qxg6 Qxe5 24. Bh4 Qf5 25. Qxf5 exf5 26. Bxd8 Kxd8 27. a5 b5 28. a6 Bc6 29. b3 cxb3 30. cxb3 Rxf7 31. c4 b4 32. Rfd1 Kc7 33. Re1 Kb6 34. Ra1 g5 35. Re8 d6 36. Rb8+ Kc5 37. Rh8 g4 38. fxg4 fxg4 39. Rxh6 g3 40. Rg6 Kd4 41. Rxg3 d5 42. cxd5 Bxd5 43. Rd1+ Kc5 44. Rc1+ Kb6 45. Rf1 Rd7 46. Rd1 Kc5 47. Rgd3 Rd6 48. g4 Rd7 49. g5 Rd6 50. Kf2 Rd7 51. Kg3 Rd6 52. Rd4 Rd7 53. g6 Rd6 54. Rxd5+ Rxd5 55. Rxd5+ Kxd5 56. g7 Kd4 57. g8=Q Kc3 58. Qc4+ Kb2 59. Kf4 Ka3 60. Ke5 Ka2 61. Kd5 Ka3 62. Kc6 Ka2 63. Kb7 Ka3 64. Kxa7 1-0


[Site "https://www.chess.com"]

[Event "Titled Tuesday Blitz September 13 Late 2022"]
[White "Kravtsiv, Martyn"]
[Black "Martinez Alcantara, Jose Eduardo"]
[WhiteFideId "14113147"]
[BlackFideId "3805662"]
[WhiteElo "2694"]
[BlackElo "2703"]
[Result "1-0"]
[Round "06"]
[TimeControl "180+1"]
[Date "2022.09.13"]
[WhiteClock "0:00:17"]
[BlackClock "0:00:05"]

1. e4 Nc6 2. Nf3 d6 3. d4 Nf6 4. Nc3 g6 5. Bb5 a6 6. Ba4 b5 7. Bb3 Bg7 8. Qe2 Bg4 9. Be3 O-O 10. O-O-O Na5 11. e5 Nxb3+ 12. axb3 Nd7 13. h3 Bxf3 14. Qxf3 e6 15. h4 Qe7 16. Bg5 f6 17. exf6 Bxf6 18. Qg3 Bxg5+ 19. hxg5 Rf5 20. f4 Raf8 21. Rh4 R8f7 22. Qe3 Nb6 23. g3 Nd5 24. Nxd5 exd5 25. Re1 Qxe3+ 26. Rxe3 Rd7 27. Re8+ Rf8 28. Rxf8+ Kxf8 29. Kd2 c5 30. Rh1 Ke8 31. Re1+ Kf7 32. Kd3 c4+ 33. Kd2 a5 34. bxc4 dxc4 35. d5 Re7 36. Rxe7+ Kxe7 37. Kc3 Kd7 38. g4 Ke7 39. Kd4 Kf7 40. Kc3 Ke7 41. b3 cxb3 42. Kxb3 Kd7 43. c4 b4 44. Ka4 Ke7 45. f5 Kf7 46. f6 Ke8 47. Kb3 Kf7 48. Ka4 h5 49. gxh6 Kxf6 50. g5+ Kf7 51. Kb3 Kf8 52. c5 dxc5 53. d6 c4+ 54. Kxc4 b3 55. Kxb3 Kf7 56. h7 Ke6 57. h8=Q Kxd6 58. Qd4+ Ke6 59. Qc5 Kd7 60. Qxa5 Ke6 61. Kc4 1-0


[Site "https://www.chess.com"]

[Event "Titled Tuesday Blitz September 13 Late 2022"]
[White "Leitao, Rafael"]
[Black "Mikhalsky, Vladimir"]
[WhiteFideId "2101246"]
[BlackFideId "14144352"]
[WhiteElo "2609"]
[BlackElo "2271"]
[Result "1-0"]
[Round "06"]
[TimeControl "180+1"]
[Date "2022.09.13"]
[WhiteClock "0:00:22"]
[BlackClock "0:00:07"]

1. c4 c5 2. Nf3 Nf6 3. Nc3 d5 4. cxd5 Nxd5 5. e3 g6 6. Bc4 Nxc3 7. Qb3 Ne4 8. Bxf7+ Kd7 9. Qe6+ Kc7 10. Qxe4 Nc6 11. O-O Bg7 12. d4 Rf8 13. Bb3 Bf5 14. Qh4 h6 15. e4 Bc8 16. Qg3+ Qd6 17. e5 Qd7 18. d5 Rxf3 19. gxf3 Nxe5 20. Bf4 Qf5 21. Rfe1 Kd6 22. Bc2 Qh5 23. Bxe5+ Bxe5 24. f4 Bf6 25. f5+ Kd7 26. fxg6 Qg5 27. Qxg5 hxg5 28. d6 Kxd6 29. Rad1+ Kc7 30. g7 Bg4 31. Rd5 Rg8 32. Rxc5+ Kb6 33. Rc4 Bf5 34. Bxf5 Rxg7 35. Be4 Rg8 36. Rb4+ Kc5 37. Rxb7 1-0


[Site "https://www.chess.com"]

[Event "Titled Tuesday Blitz September 13 Late 2022"]
[White "Livaic, Leon"]
[Black "Xiong, Jeffery"]
[WhiteFideId "14531534"]
[BlackFideId "2047640"]
[WhiteElo "2540"]
[BlackElo "2714"]
[Result "1-0"]
[Round "06"]
[TimeControl "180+1"]
[Date "2022.09.13"]
[WhiteClock "0:00:09"]
[BlackClock "0:01:22"]

1. d4 d5 2. c4 e6 3. Nc3 Nf6 4. Nf3 dxc4 5. e3 a6 6. Bxc4 b5 7. Bb3 Bb7 8. O-O Nbd7 9. Qe2 c5 10. Rd1 Qc7 11. d5 c4 12. dxe6 fxe6 13. Bc2 Bd6 14. h3 O-O 15. Ng5 Nc5 16. b4 cxb3 17. axb3 Bh2+ 18. Kh1 Qe5 19. f4 Bxf4 20. exf4 Qxc3 21. Bb2 Qg3 22. Bd4 h6 23. Bxc5 hxg5 24. Bxf8 Rxf8 25. Rd3 Qxf4 26. Qxe6+ Kh8 27. Qe3 Qh4 28. Rf1 g4 29. Qg3 Qh6 30. Kg1 Re8 31. hxg4 Be4 32. g5 Qh5 33. gxf6 gxf6 34. Rd2 Rg8 35. Qh2 1-0


[Site "https://www.chess.com"]

[Event "Titled Tuesday Blitz September 13 Late 2022"]
[White "Llorente Zaro, Alfonso"]
[Black "Vasquez Schroeder, Rodrigo"]
[WhiteFideId "2254131"]
[BlackFideId "3400042"]
[WhiteElo "2485"]
[BlackElo "2577"]
[Result "1-0"]
[Round "06"]
[TimeControl "180+1"]
[Date "2022.09.13"]
[WhiteClock "0:00:45"]
[BlackClock "0:00:36"]

1. e4 c5 2. Nf3 d6 3. Bb5+ Nd7 4. c4 Nf6 5. Nc3 e6 6. d4 cxd4 7. Qxd4 a6 8. Ba4 Qc7 9. O-O Be7 10. Bg5 O-O 11. Rfd1 Rd8 12. Rac1 b6 13. Bxd7 Bxd7 14. Bxf6 gxf6 15. b3 Rac8 16. Qe3 Kh8 17. Rd3 Rg8 18. Qf4 b5 19. Nd2 Qc5 20. Rd1 Qg5 21. Qxg5 Rxg5 22. Ne2 bxc4 23. Nxc4 Bb5 24. Rc3 Rgc5 25. Rdc1 R8c7 26. a4 Be8 27. Nb6 Rb7 28. Rxc5 dxc5 29. a5 Kg7 30. Nc3 Bd8 31. Nca4 Bxa4 32. Nxa4 Bxa5 33. Nxc5 Rxb3 34. Nxb3 1-0


[Site "https://www.chess.com"]

[Event "Titled Tuesday Blitz September 13 Late 2022"]
[White "Loay, Sameer"]
[Black "Trost, Edvin"]
[WhiteFideId "8104239"]
[BlackFideId "1729519"]
[WhiteElo "2040"]
[BlackElo "2186"]
[Result "1/2-1/2"]
[Round "06"]
[TimeControl "180+1"]
[Date "2022.09.13"]
[WhiteClock "0:00:31"]
[BlackClock "0:00:25"]

1. Nf3 d5 2. g3 c5 3. Bg2 Nc6 4. d4 Nf6 5. O-O cxd4 6. Nxd4 e5 7. Nxc6 bxc6 8. c4 Be6 9. Nc3 Be7 10. Bg5 e4 11. Qa4 O-O 12. Rfd1 Qb6 13. cxd5 cxd5 14. Bxf6 Bxf6 15. Nxd5 Bxd5 16. Rxd5 Qxb2 17. Rad1 Qxe2 18. Qxe4 Qxa2 19. Rd7 Rae8 20. Qb7 Rd8 21. Bd5 Rxd7 22. Qxd7 Qc2 23. Re1 Qc8 24. Qxa7 Qd8 25. Ba2 g6 26. Kg2 Kg7 27. h4 Qa8+ 28. Qxa8 Rxa8 29. Bd5 Ra5 30. Rd1 Ra7 31. Bf3 Rc7 32. Rd2 Be7 33. h5 Bg5 34. Re2 Rc5 35. hxg6 hxg6 36. Be4 Rc3 37. Rc2 Ra3 38. Rc7 Ra5 39. Bd3 Rd5 40. Bc4 Rf5 41. f4 Bd8 42. Rd7 Ba5 43. Kf3 Rf6 44. g4 g5 45. f5 Bb6 46. Bd5 Bg1 47. Ke4 Bh2 48. Rb7 Bf4 49. Ra7 Bb8 50. Rb7 Bf4 51. Ra7 Kf8 52. Ra8+ Kg7 53. Ra7 1/2-1/2


[Site "https://www.chess.com"]

[Event "Titled Tuesday Blitz September 13 Late 2022"]
[White "Naroditsky, Daniel"]
[Black "Kollars, Dmitrij"]
[WhiteFideId "2026961"]
[BlackFideId "12909572"]
[WhiteElo "2628"]
[BlackElo "2584"]
[Result "1-0"]
[Round "06"]
[TimeControl "180+1"]
[Date "2022.09.13"]
[WhiteClock "0:00:28"]
[BlackClock "0:00:03"]

1. e4 c5 2. Nf3 d6 3. Bb5+ Bd7 4. c4 Nf6 5. Nc3 g6 6. O-O Bg7 7. d4 cxd4 8. Nxd4 O-O 9. Bxd7 Qxd7 10. Bg5 Nc6 11. Nde2 a6 12. Bxf6 Bxf6 13. Nd5 Rae8 14. Nxf6+ exf6 15. Nc3 f5 16. exf5 Qxf5 17. Qxd6 Qc2 18. Nd5 Re6 19. Qf4 Qxb2 20. Rab1 Qe5 21. Rxb7 Qxf4 22. Nxf4 Re4 23. Rb6 Rxc4 24. Nd5 Kg7 25. Rxa6 Rc5 26. Ne3 Rb8 27. h4 Rb2 28. a4 Ra2 29. Rd1 Nb4 30. Ra7 Nc6 31. Rc7 Rxa4 32. g3 Raa5 33. Kg2 Ne5 34. Re7 Nc6 35. Re4 Re5 36. Rf4 Rac5 37. Rd7 Re7 38. Rd6 Ne5 39. Nd5 Rd7 40. Nf6 Rxd6 41. Ne8+ Kf8 42. Nxd6 Rc6 43. Nb5 Kg7 44. Re4 Rc5 45. Nd6 Rd5 46. Ne8+ Kh6 47. Nf6 Ra5 48. Rxe5 1-0


[Site "https://www.chess.com"]

[Event "Titled Tuesday Blitz September 13 Late 2022"]
[White "Nasuta, Grzegorz"]
[Black "Salem, A.R. Saleh"]
[WhiteFideId "1141686"]
[BlackFideId "9301348"]
[WhiteElo "2354"]
[BlackElo "2628"]
[Result "1-0"]
[Round "06"]
[TimeControl "180+1"]
[Date "2022.09.13"]
[WhiteClock "0:01:43"]
[BlackClock "0:00:37"]

1. e4 c5 2. Nf3 d6 3. Bb5+ Nd7 4. a4 Nf6 5. Nc3 g6 6. a5 a6 7. Bc4 Bg7 8. Bxf7+ Kxf7 9. Ng5+ Kg8 10. Ne6 Qe8 11. Nc7 Qf7 12. Nxa8 Ne5 13. O-O Nh5 14. Nb6 Bh3 15. f4 Nxf4 16. gxh3 Nxh3+ 17. Kg2 Nf4+ 18. Kh1 1-0


[Site "https://www.chess.com"]

[Event "Titled Tuesday Blitz September 13 Late 2022"]
[White "Pranav, V"]
[Black "Sargsyan, Anna M."]
[WhiteFideId "25060783"]
[BlackFideId "13308130"]
[WhiteElo "2390"]
[BlackElo "2271"]
[Result "1-0"]
[Round "06"]
[TimeControl "180+1"]
[Date "2022.09.13"]
[WhiteClock "0:00:16"]
[BlackClock "0:00:03"]

1. Nf3 d5 2. g3 Nf6 3. Bg2 g6 4. O-O Bg7 5. d3 O-O 6. Nbd2 c5 7. e4 Nc6 8. Re1 e5 9. exd5 Nxd5 10. a4 Re8 11. Ne4 b6 12. Bd2 Bb7 13. a5 Rb8 14. a6 Ba8 15. Nc3 Ncb4 16. h4 h6 17. Nb5 Qd7 18. Na3 b5 19. Nb1 Rb6 20. Nc3 Nxa6 21. Ne4 f5 22. Rxa6 fxe4 23. Rxb6 exf3 24. Rxg6 fxg2 25. Bxh6 Re7 26. Qh5 Nf6 27. Qg5 Nh7 28. Rxg7+ Rxg7 29. Qxg7+ Qxg7 30. Bxg7 Kxg7 31. Rxe5 c4 32. Rxb5 cxd3 33. cxd3 Nf6 34. Ra5 Bd5 35. Rxa7+ Kg6 36. Re7 Ng4 37. d4 Kf6 38. Re1 Nh6 39. Re5 Ba8 40. Ra5 Be4 41. Ra6+ Kg7 42. Ra3 Nf5 43. f3 Bc6 44. Kxg2 Nxd4 45. Kf2 Kf7 46. Rd3 Nf5 47. b4 Ke6 48. h5 Kf7 49. g4 Ng7 50. Rd6 Bb5 51. h6 Ne8 52. Rb6 Bc4 53. g5 Bd3 54. Ke3 Bb1 55. f4 Kg8 56. Rb8 Kf7 57. Rb7+ Kg8 58. Kd4 Nd6 59. Rb8+ Kh7 60. Ke5 Nc4+ 61. Kf6 Nd6 62. Rd8 Ne4+ 63. Ke5 Nc3 64. Rd7+ Kg8 65. f5 Nb5 66. h7+ Kh8 67. g6 1-0


[Site "https://www.chess.com"]

[Event "Titled Tuesday Blitz September 13 Late 2022"]
[White "Rustemov, Alexander"]
[Black "Gomez Ledo, Roberto Carlos"]
[WhiteFideId "4119002"]
[BlackFideId "3507076"]
[WhiteElo "2861"]
[BlackElo "2379"]
[Result "1-0"]
[Round "06"]
[TimeControl "180+1"]
[Date "2022.09.13"]
[WhiteClock "0:01:00"]
[BlackClock "0:00:19"]

1. d4 Nf6 2. c4 e6 3. Nf3 d5 4. Nc3 dxc4 5. Bg5 Bb4 6. e4 c5 7. Bxc4 cxd4 8. Nxd4 Bxc3+ 9. bxc3 Qa5 10. Bxf6 Qxc3+ 11. Kf1 gxf6 12. Rc1 Qa5 13. h4 Ke7 14. Rh3 Rd8 15. Rd3 Nd7 16. Nb3 Qb6 17. Qh5 Ne5 18. Rxd8 Qxd8 19. Be2 Bd7 20. Qxh7 Ba4 21. Qh6 Rc8 22. Rxc8 Qxc8 23. Qd2 Bxb3 24. axb3 Kf8 25. g3 Kg7 26. Qe3 a5 27. Kg2 Qc6 28. h5 b5 29. Qf4 a4 30. bxa4 bxa4 31. h6+ Kg6 32. Bh5+ Kxh5 33. h7 Ng6 34. g4+ Kh4 35. Qh6+ Kxg4 36. f3# 1-0


[Site "https://www.chess.com"]

[Event "Titled Tuesday Blitz September 13 Late 2022"]
[White "Sadhwani, Raunak"]
[Black "Lenderman, Aleksandr"]
[WhiteFideId "35093487"]
[BlackFideId "2021285"]
[WhiteElo "2656"]
[BlackElo "2607"]
[Result "1-0"]
[Round "06"]
[TimeControl "180+1"]
[Date "2022.09.13"]
[WhiteClock "0:00:10"]
[BlackClock "0:00:06"]

1. d4 e6 2. Nf3 c5 3. e3 Nf6 4. b3 cxd4 5. Nxd4 d5 6. Bb2 Be7 7. Be2 O-O 8. O-O b6 9. Nd2 Bb7 10. c4 Nbd7 11. Rc1 Rc8 12. N4f3 Nc5 13. cxd5 Nxd5 14. Nc4 Nb4 15. Nd4 Nxa2 16. Ra1 Nb4 17. Rxa7 Ra8 18. Qa1 Qb8 19. Rxa8 Bxa8 20. Ba3 Nd5 21. Bf3 Bf6 22. Qb1 Rc8 23. Rc1 Bxd4 24. exd4 Nd7 25. Bd6 Qa7 26. Qb2 N7f6 27. Ra1 Qd7 28. Be5 Qd8 29. Bxf6 Nxf6 30. Bxa8 Rxa8 31. Rxa8 Qxa8 32. Nxb6 Qe4 33. Qc1 h6 34. Qd1 Qf4 35. g3 Qd6 36. Nc4 Qb4 37. Ne3 Ne4 38. d5 exd5 39. Nxd5 Qc5 40. Ne3 g6 41. Qc2 Qd4 42. Qc4 Qe5 43. Kg2 Nd6 44. Qd5 Qe7 45. b4 Qc7 46. Ng4 h5 47. Nf6+ Kf8 48. h3 Ke7 49. Qe5+ Kd8 50. Nd5 Qc6 51. Kh2 Nf5 52. g4 hxg4 53. hxg4 Qd6 54. Qxd6+ Nxd6 55. Kg3 g5 56. Nc3 Kc7 57. Kf3 Kc6 58. Ne4 Nc4 59. Nxg5 f6 60. Ne4 Ne5+ 61. Kf4 Nd3+ 62. Kf5 1-0


[Site "https://www.chess.com"]

[Event "Titled Tuesday Blitz September 13 Late 2022"]
[White "Sarana, Alexey"]
[Black "Ivic, Velimir"]
[WhiteFideId "24133795"]
[BlackFideId "950122"]
[WhiteElo "2689"]
[BlackElo "2625"]
[Result "1-0"]
[Round "06"]
[TimeControl "180+1"]
[Date "2022.09.13"]
[WhiteClock "0:00:12"]
[BlackClock "0:00:31"]

1. c4 e5 2. g3 Be7 3. Bg2 f5 4. Nc3 Nf6 5. Nf3 d6 6. O-O O-O 7. b4 Qe8 8. d3 Nc6 9. b5 Nd8 10. e3 Ne6 11. a4 a6 12. Bb2 axb5 13. cxb5 c6 14. Nd2 d5 15. a5 e4 16. a6 bxa6 17. bxc6 Qxc6 18. Rc1 Qd7 19. Na4 Rb8 20. Be5 Bd6 21. Bxf6 Rxf6 22. Nc3 Bb7 23. dxe4 fxe4 24. Qh5 Nc5 25. Rb1 Rbf8 26. Bh3 Qc6 27. Qd1 d4 28. exd4 e3 29. d5 Qe8 30. Nc4 exf2+ 31. Kh1 Qe3 32. Nxe3 1-0


[Site "https://www.chess.com"]

[Event "Titled Tuesday Blitz September 13 Late 2022"]
[White "Shirov, Alexei"]
[Black "Martins, Bruno Andre Leite"]
[WhiteFideId "2209390"]
[BlackFideId "1942255"]
[WhiteElo "2678"]
[BlackElo "2282"]
[Result "1-0"]
[Round "06"]
[TimeControl "180+1"]
[Date "2022.09.13"]
[WhiteClock "0:00:21"]
[BlackClock "0:00:09"]

1. e4 e6 2. d4 d5 3. e5 c5 4. c3 Nc6 5. Nf3 Qb6 6. Bd3 Bd7 7. O-O cxd4 8. Re1 Nge7 9. Na3 Ng6 10. Rb1 a6 11. c4 dxc4 12. Nxc4 Qc7 13. Ng5 Ncxe5 14. Nxe5 Nxe5 15. Bf4 Bd6 16. Rc1 Qb8 17. Be4 Nf3+ 18. Qxf3 Bxf4 19. Nxf7 Rf8 20. Bxh7 Bxc1 21. Rxc1 Ke7 22. Bg6 Be8 23. Qa3+ Kf6 24. Qxf8 Kxg6 25. Nd6 Bc6 26. Qf7+ Kh7 27. Qh5+ Kg8 28. Qf7+ Kh7 29. Qxe6 Qf8 30. Rc5 g6 31. Rg5 Qg7 32. Nf5 Qg8 33. Rh5+ 1-0


[Site "https://www.chess.com"]

[Event "Titled Tuesday Blitz September 13 Late 2022"]
[White "Tanenbaum, Zachary"]
[Black "Dilmukhametov, Artur"]
[WhiteFideId "2060850"]
[BlackFideId "24179922"]
[WhiteElo "2175"]
[BlackElo "2206"]
[Result "1-0"]
[Round "06"]
[TimeControl "180+1"]
[Date "2022.09.13"]
[WhiteClock "0:00:04"]
[BlackClock "0:00:09"]

1. e4 e6 2. d4 d5 3. Nc3 Bb4 4. exd5 exd5 5. Bd3 c6 6. Nf3 Ne7 7. O-O Bf5 8. Bxf5 Nxf5 9. Re1+ Ne7 10. Qd3 Nd7 11. Bf4 O-O 12. h3 Ng6 13. Bg3 Nf6 14. Ne5 Ne4 15. a3 Bxc3 16. bxc3 Nxe5 17. dxe5 Qa5 18. c4 Nxg3 19. Qxg3 dxc4 20. Re4 Rfe8 21. f4 Qd5 22. Rae1 Qe6 23. Qf3 g6 24. g4 Qd5 25. Kh2 Rad8 26. R1e2 Qd1 27. Qf2 c3 28. f5 Rd2 29. e6 fxe6 30. fxe6 Rf8 31. Qg2 Re8 32. Qf3 Rxe2+ 33. Qxe2 Qxe2+ 34. Rxe2 Kg7 35. g5 Kf8 36. Kg3 Ke7 37. Re3 Rd8 38. Rxc3 Kxe6 39. Re3+ Kf7 40. Rf3+ Kg7 41. h4 Rd5 42. Re3 Kf7 43. Rf3+ Rf5 44. Rb3 Ke7 45. Rxb7+ Kd6 46. Rxa7 Rc5 47. Rxh7 Rxc2 48. Rh6 Rc3+ 49. Kf4 Rc4+ 50. Kg3 Rc3+ 51. Kf2 Rxa3 52. Rxg6+ Ke5 53. h5 Kf5 54. Rg7 Ra2+ 55. Kf3 Ra3+ 56. Ke2 Rg3 57. h6 Rh3 58. h7 c5 59. g6 Kf6 60. Rg8 1-0


[Site "https://www.chess.com"]